cohdb
Replays
Latest Replays
All Replays
Popular Replays
Top Player Replays
Match Explorer
How It Works
Community
CoH3 Stats
Reddit
Sign in to upload your games and track your stats! →
Sign in with Steam
Match 42694352
Unlisted
Match 42694352
Overview
Messages
Build Orders
End
Vickers Machine Gun Team
Construct Section Command Post
Dingo Light Scout Car
Infantry Section
Infantry Section
Infantry Section
Construct Platoon Command Post
Humber Armored Car
Infantry Section
Construct Field Infirmary
Grenade Package
Selects Canadian Shock Battlegroup
Selects Incendiary Munitions
Selects Pyrotechnics
CMP 15cwt Truck
Selects Attacking Spirit
6-pounder Anti-tank Gun Team
Construct Company Command Post
Unlock M3 Grant Medium Tanks
Selects Canadian Shock Section
M3 Grant Medium Tank
M3 Grant Medium Tank
M3 Grant Medium Tank
Axis Unplayable
Thomas
Dumais
Wednesday
유파_Yupa
A2O
JZuna
.
0
0
Comments
sign in to comment!
No comments posted yet!